AoeStats
← sikderindrojit7

Yucatan

510799691Analyzed
3v3 RM · 18h ago on Oct 2, 2026· 62m 45s· 6 players
Game mode
Random Map
Map size
Normal (6 player)
Population
200
Speed
Normal
Resources
Standard
Victory
Conquest
Starting age
Dark Age
Ending age
Imperial Age
RankedLock teamsTeams togetherTeam positionsShared explorationLock speedFull tech treeHidden civsTurbo modeCheats
Victory
Defeat
549
+10
🇬🇧 Sicilians · United Kingdom
544
+10
🇹🇷 Huns · Türkiye
520
+12
🇮🇳 Lithuanians · India
517
-14
🇨🇱 Burgundians · Chile
399
-10
🇻🇳 Tatars · Vietnam
332
-8
sikderindrojit7
0:34 Loom
10:18 Feudal Age
11:16 Man-at-Arms
12:49 Wheelbarrow
12:58 Horse Collar
21:32 Castle Age
19:35 Double-Bit Axe
21:33 Scale Mail Armor
21:43 Forging
25:13 Long Swordsman
28:23 Stone Mining
28:26 Gold Mining
30:15 Light Cavalry
31:05 Bloodlines
33:15 Pikeman
33:56 Squires
37:14 Bow Saw
43:09 Imperial Age
40:56 Hand Cart
42:22 Scale Barding Armor
42:33 Chain Mail Armor
42:53 Iron Casting
43:14 Elite Leitis
45:28 Cavalier
46:11 Husbandry
56:32 Winged Hussar
Trung8716
9:22 Feudal Age
9:51 Double-Bit Axe
11:06 Wheelbarrow
21:42 Castle Age
21:45 Stone Mining
23:44 Gold Mining
24:22 Horse Collar
25:41 Heavy Plow
28:26 Bow Saw
30:47 Husbandry
36:40 Imperial Age
35:18 Scale Barding Armor
41:06 Hand Cart
42:18 Chain Barding Armor
42:43 Elite Keshik
46:00 Gold Shaft Mining
47:02 Crop Rotation
48:12 Timurid Siegecraft
55:31 Plate Barding Armor
ErmoAlan
14:34 Feudal Age
14:55 Double-Bit Axe
17:24 Wheelbarrow
17:31 Man-at-Arms
18:27 Bow Saw
18:03 Horse Collar
18:40 Arson
19:06 Gold Mining
19:11 Stone Mining
20:29 Heavy Plow
21:08 Gold Shaft Mining
21:08 Stone Shaft Mining
21:18 Stone Shaft Mining
22:03 Hand Cart
31:47 Castle Age
32:14 Caravan
32:28 Forging
32:20 Scale Mail Armor
32:23 Padded Archer Armor
32:15 Fletching
32:35 Scale Barding Armor
38:26 Loom
41:45 Crop Rotation
41:18 Squires
40:39 Pikeman
40:40 Long Swordsman
43:57 Imperial Age
43:51 Husbandry
43:11 Cavalier
43:12 Light Cavalry
44:57 Iron Casting
44:37 Chain Mail Armor
45:06 Guilds
45:26 Coinage
47:27 Burgundian Vineyards
47:50 Two-Handed Swordsman
47:50 Halberdier
49:49 Two-Man Saw
48:24 Paladin
48:40 Capped Ram
48:58 Champion
50:41 Elite Coustillier
whatabluemonkey
11:55 Feudal Age
12:25 Double-Bit Axe
12:22 Horse Collar
20:52 Gold Mining
20:52 Stone Mining
26:08 Castle Age
26:34 Forging
26:25 Scale Mail Armor
26:14 Arson
28:29 Bow Saw
28:22 Heavy Plow
29:01 Gold Shaft Mining
29:04 Stone Shaft Mining
29:13 Iron Casting
28:53 Chain Mail Armor
28:41 Squires
31:20 Murder Holes
31:36 Masonry
41:17 Imperial Age
39:28 Wheelbarrow
41:37 Caravan
41:58 Hand Cart
42:57 Elite Serjeant
45:14 Ballistics
46:01 Blast Furnace
45:31 Plate Mail Armor
47:07 Arrowslits
48:35 Chemistry
47:44 Loom
Топор_в_гитаре
8:08 Loom
11:39 Feudal Age
12:09 Double-Bit Axe
12:07 Horse Collar
13:51 Wheelbarrow
14:48 Gold Mining
15:28 Stone Mining
18:23 Man-at-Arms
24:14 Castle Age
23:03 Town Watch
24:48 Scale Mail Armor
24:48 Padded Archer Armor
24:40 Fletching
26:14 Bow Saw
28:41 Hand Cart
28:27 Town Patrol
30:01 Chain Mail Armor
30:01 Leather Archer Armor
29:42 Bodkin Arrow
30:18 Heavy Plow
31:01 Gold Shaft Mining
31:06 Stone Shaft Mining
32:45 Pikeman
33:26 Squires
32:51 Crossbowman
33:51 Elite Skirmisher
34:36 Thumb Ring
35:28 Caravan
39:28 Grand Trunk Road
39:46 Scale Barding Armor
39:51 Forging
43:51 Imperial Age
43:53 Arson
44:37 Shatagni
45:02 Conscription
46:12 Two-Man Saw
45:21 Light Cavalry
46:11 Bloodlines
46:02 Husbandry
48:28 Bracer
48:58 Ring Archer Armor
48:49 Chain Barding Armor
47:52 Onager
49:26 Ballistics
50:06 Chemistry
49:26 Fervor
50:00 Hussar
51:15 Elite Ghulam
52:30 Hoardings
55:38 Plate Barding Armor
55:38 Iron Casting
57:34 Heavy Camel Rider
urladidim
13:42 Feudal Age
14:53 Horse Collar
15:03 Double-Bit Axe
15:54 Arson
16:52 Gold Mining
18:28 Stone Mining
24:04 Castle Age
29:51 Bow Saw
29:45 Heavy Plow
32:09 Gold Shaft Mining
31:01 Elite Skirmisher
31:53 Squires
34:42 Imperial Age
37:09 Imperial Age
35:00 Pikeman
36:42 Loom
37:33 Wheelbarrow
36:44 Town Watch
37:03 Town Watch
41:50 Two-Man Saw
40:21 Halberdier
44:28 Hand Cart
46:02 Town Patrol
51:14 Ballistics
51:55 Chemistry
51:07 Masonry
50:53 Murder Holes
Connection lost

Rejoining the realm…

Still unreachable

The connection could not be restored.

Session expired

The server has moved on; the page needs a fresh start.